 Dungeon Crawl Stone Soup version 0.22.1-2-g9c5b331383 (webtiles) character file.

313 Kotlin the Digger (level 6, -1/32 HPs)
             Began as a Gargoyle Earth Elementalist on Nov 16, 2018.
             Slain by an ogre
             ... wielding a +0 giant club
              (19 damage)
             ... on level 4 of the Dungeon.
             The game lasted 00:12:46 (2721 turns).

Kotlin the Digger (Gargoyle Earth Elementalist)     Turns: 2721, Time: 00:12:46

Health: -1/32      AC: 10    Str: 12    XL:     6   Next: 43%
Magic:  10/10      EV:  9    Int: 17    God:
Gold:   206        SH:  0    Dex: 10    Spells: 2/11 levels left

rFire    + . .     SeeInvis .   s - +2 quarterstaff (crush)
rCold    x . .     Gourm    .   (shield currently unavailable)
rNeg     + . .     Faith    .   h - +0 scale mail
rPois    ∞         Spirit   .   (no helmet)
rElec    +         Reflect  .   (no cloak)
rCorr    .         Harm     .   (no gloves)
MR       .....                  (no boots)
Stlth    +.........             (no amulet)
HPRegen  0.10/turn              l - ring of stealth
MPRegen  0.12/turn              m - ring of fire

@: no status effects
A: negative energy resistance 1, electricity resistance, unbreathing,
petrification resistance, rot immunity, AC +4
a: no special abilities


You were on level 4 of the Dungeon.
You were not hungry.

You visited 1 branch of the dungeon, and saw 4 of its levels.

You collected 206 gold pieces.

Inventory:

Hand Weapons
 a - a +0 dagger
 i - a +0 spear
 s - a +2 quarterstaff of crushing (weapon)
Missiles
 b - 17 stones (quivered)
 r - 25 poisoned needles
Armour
 c - a +0 robe
 f - a +0 leather armour
 g - a +0 robe
 h - a +0 scale mail (worn)
 j - a cursed +0 pair of gloves
 n - a +1 chain mail
Jewellery
 l - a ring of stealth (left hand)
 m - a ring of fire (right hand)
Wands
 t - a wand of disintegration (15)
Scrolls
 e - 3 scrolls of identify
Potions
 o - 2 potions of invisibility
 p - a potion of might {unknown}
 u - a potion of brilliance {unknown}
Comestibles
 d - 7 rations


   Skills:
 - Level 1.6 Dodging
 - Level 2.2 Stealth
 - Level 3.2 Spellcasting
   Level 0.7 Transmutations
 * Level 7.6 Earth Magic


You had 2 spell levels left.
You knew the following spells:

 Your Spells              Type           Power        Failure   Level  Hunger
a - Sandblast             Erth           ####..       4%          1    None
b - Stone Arrow           Conj/Erth      ###...       52%         3    ###....
c - Lee's Rapid Deconstr  Erth           ####......   75%         5    ######.

Your spell library contained the following spells:

 Spells                   Type           Power        Failure   Level  Hunger
 Passwall                 Tmut/Erth      ###.....     26%         2    ##.....
 Petrify                  Tmut/Erth      ###.....     86%         4    ####...


Dungeon Overview and Level Annotations

Branches:
Dungeon (4/15)             Temple (0/1) D:4

Altars:
Fedhas

Annotations:
D:2 exclusion: oklob plant


Innate Abilities, Weirdness & Mutations

You are resistant to torment.
Your stone body is resilient. (AC +4)
You are immune to poison.
You resist negative energy. (rN+)
You are resistant to electric shocks. (rElec)
You can survive without breathing.
You are immune to petrification.
You are immune to rotting.


Message History

You see here a robe.
As you read the scroll of identify, it crumbles to dust.
o - 2 potions of invisibility
g - a robe You see here a robe.
Found a buckler.
You see here a pair of glowing gloves.
j - a pair of glowing gloves
As you read the scroll of identify, it crumbles to dust.
j - a cursed +0 pair of gloves
Okay, then.
Found a stone staircase leading up.
There is a stone staircase leading up here.
Found a staircase to the Ecumenical Temple.
An ogre comes into view. It is wielding a giant club.
The ogre shouts!
The ogre hits you with a giant club!
You barely miss the ogre. The ogre hits you with a giant club!!
Ouch! That really hurt!
You die...

#.####.##
###############.#......
....................>#
#.....<##.#......#
#..######.#......#
######.######.#......#
#≈§≈§#.#≈≈≈§#.#......#
#§§§§#.#§§§≈#.#......#
#≈≈≈§#@#§§§§#.#......#
#≈≈§##O##≈§§#.#......##
#≈≈≈#...#§≈§# #...[....
#§§≈#.>.#§≈§# #......#.
#§§≈#...#§≈≈# #......#.
#≈§≈#####≈≈≈# #.#######
#≈≈≈§§§≈≈§≈≈# #.
#≈§§§§§≈≈§§≈# ##


You could see an ogre.

Vanquished Creatures
  A phantom (D:3)
  A bullfrog (D:3)
  An orc wizard (D:3)
  A centaur skeleton (D:4)
  4 adders
  3 worms
  4 dart slugs
  3 leopard geckos
  3 orcs (D:3)
  3 giant cockroaches
  5 goblins
  7 hobgoblins
  2 jackals (D:1)
  A quokka (D:2)
  7 bats
  4 frilled lizards
  3 kobolds
  2 rats (D:3)
55 creatures vanquished.

Notes
Turn   | Place    | Note
-------+----------+-------------------------------------------
     0 | D:1      | Kotlin the Gargoyle Earth Elementalist began the quest for
                  | the Orb.
     0 | D:1      | Reached XP level 1. HP: 10/10 MP: 3/3
   168 | D:1      | Reached skill level 4 in Earth Magic
   168 | D:1      | Reached XP level 2. HP: 10/15 MP: 1/5
   874 | D:1      | Reached XP level 3. HP: 17/19 MP: 0/6
  1444 | D:2      | Reached skill level 5 in Earth Magic
  1449 | D:2      | Learned a level 3 spell: Stone Arrow
  1742 | D:2      | Reached XP level 4. HP: 24/24 MP: 5/7
  1762 | D:2      | Found a blossoming altar of Fedhas.
  1783 | D:2      | Noticed an oklob plant
  1924 | D:3      | Noticed a phantom
  1958 | D:3      | Killed a phantom
  1958 | D:3      | Reached skill level 6 in Earth Magic
  1958 | D:3      | Reached XP level 5. HP: 18/28 MP: 0/9
  2047 | D:3      | Learned a level 5 spell: Lee's Rapid Deconstruction
  2441 | D:3      | Reached skill level 7 in Earth Magic
  2441 | D:3      | Reached XP level 6. HP: 27/32 MP: 2/10
  2716 | D:4      | Found a staircase to the Ecumenical Temple.
  2721 | D:4      | Slain by an ogre

Skill      XL: |  1  2  3  4  5 |
---------------+----------------+-----
Earth Magic    | 4 5 6 7 |  7.6
Spellcasting   | 3 |  3.2
Dodging        | |  1.6
Stealth        | |  2.2
Transmutations | |  0.7

Action                   |  1- 3 |  4- 6 || total
-------------------------+-------+-------++-------
Melee: Dagger            |    15 |       ||    15
       Spear             |     6 |    12 ||    18
       Quarterstaff      |       |     1 ||     1
 Cast: Sandblast         |    44 |    49 ||    93
  Use: Scroll            |       |     7 ||     7
  Eat: Chunk             |     3 |     3 ||     6
Armor: Leather armour    |    15 |     5 ||    20
       Robe              |     2 |       ||     2
       Scale mail        |       |     3 ||     3
Dodge: Dodged            |    30 |    16 ||    46
